 Dungeon Crawl Stone Soup version 0.29.0-15-g675c0067aa (webtiles) character file.

Game seed: 2572660205014602542

59879 qw the Warrior (level 14, -11/140 HPs)
             Began as a Minotaur Berserker on Sept 12, 2022.
             Was an Elder of Trog.
             Shot with a bolt by a yaktaur captain (38 damage)
             ... on level 12 of the Dungeon.
             The game lasted 00:07:08 (20513 turns).

qw the Warrior (Minotaur Berserker)                Turns: 20513, Time: 00:07:09

Health: -11/140    AC: 25    Str: 27    XL:     14   Next: 54%
Magic:  13/13      EV:  9    Int:  4    God:    Trog [****..]
Gold:   961        SH: 11    Dex: 10    Spells: 13/13 levels left

rFire   . . .      SeeInvis +   Y - +3 war axe (drain)
rCold   . . .      Faith    .   h - +0 buckler
rNeg    . . .      Spirit   .   i - +5 plate armour "Sydahoz" {Slay+2}
rPois   .          Reflect  +   (helmet restricted)
rElec   .          Harm     .   d - +2 cloak
rCorr   .          Rampage  .   e - +2 pair of gloves
Will    +++..                   s - +2 pair of boots
Stlth   ..........              m - amulet of reflection
HPRegen 1.33/turn               q - ring of see invisible
MPRegen 0.13/turn               x - +4 ring of slaying {mikee}

@: strong-willed, corroded, on berserk cooldown, regenerating, slowed, very slow
A: horns 2, retaliatory headbutt
a: Renounce Religion, Berserk, Trog's Hand, Brothers in Arms


You were on level 12 of the Dungeon.
You worshipped Trog.
Trog was greatly pleased with you.
You visited 2 branches of the dungeon, and saw 17 of its levels.

You collected 1183 gold pieces.
You spent 222 gold pieces at shops.


Innate Abilities, Weirdness & Mutations

You have a pair of horns on your head.
You reflexively headbutt those who attack you in melee.


   Skills:
 - Level 17.0 Fighting
 - Level 16.0 Axes
 - Level 6.1 Throwing
 + Level 15.7 Armour
 - Level 6.0 Dodging
 - Level 10.0 Shields


You had 13 spell levels left.
You didn't know any spells.
Your spell library was empty.

Inventory:

Hand Weapons
 o - a +1 demon whip of venom
 Y - a +3 war axe of draining (weapon)
Armour
 d - a +2 cloak (worn)
 e - a +2 pair of gloves (worn)
 h - a +0 buckler (worn)
 i - the +5 plate armour "Sydahoz" (worn) {Slay+2}
   (You found it on level 5 of the Lair of Beasts)

   Slay:      It affects your accuracy & damage with ranged weapons and melee
   (+2).
 l - a +2 plate armour of fire resistance
 s - a +2 pair of boots (worn)
Jewellery
 m - an amulet of reflection (around neck)
 q - a ring of see invisible (left hand)
 u - a ring of ice
 x - a +4 ring of slaying (right hand) {mikee}
Scrolls
 a - 6 scrolls of identify
 g - 7 scrolls of teleportation
Potions
 b - 2 potions of mutation
 c - 10 potions of curing
 f - 2 potions of resistance
 j - 4 potions of haste
 k - 9 potions of heal wounds
 n - 3 potions of might

Dungeon Overview and Level Annotations

Branches:
Dungeon (12/15)            Temple (0/1) D:7            Lair (5/5) D:11
 Shoals (0/4) Lair:2        Snake (0/4) Lair:2        Slime (0/5) Lair:4
    Orc: D:9-12

Altars:
Ashenzari
Elyvilon
Hepliaklqana
Kikubaaqudgha
Makhleb
Sif Muna
Wu Jian
The Shining One
Jiyva

Shops:
D:3 :   D:6 (

Annotations:
D:6 2 transporters, qw's ghost, novice GrFi
Lair:4 1 runed translucent door


Message History

The fireball engulfs your ogre!!
You hear a sizzling sound!
You hear a shout! x2
You slash the efreet!
The efreet is moderately wounded.
Your ogre hits the efreet with a +0 giant spiked club!!!
The efreet dies!
Trog accepts your kill.
You start resting.
Something unseen opens the door.
You sense a monster nearby.
You hear a shout!
You slash the shadow!
The shadow is moderately damaged.
You block the shadow's attack.
A yaktaur captain comes into view.
You slash the shadow!
The shadow is almost destroyed.
The shadow hits you.
The yaktaur captain wields a +0 arbalest.
The yaktaur captain shoots a bolt.
The bolt hits you!!
You slash the shadow!
You destroy the shadow!
Trog accepts your kill.
The yaktaur captain shoots a bolt.
The bolt completely misses you.
Your ogre rages.
The yaktaur captain shoots a bolt.
The bolt hits your ogre!!!
Your ogre dies!
Your ogre's corpse disappears in a puff of smoke!
A wizard comes into view. It is wielding a +0 dagger.
20512 ||| INVOKING Trog's Hand.
Your skin crawls.
You feel strong-willed.
The yaktaur captain shoots a bolt.
The bolt hits you!
The yaktaur captain shoots a bolt.
The bolt hits you!!
You hear a roar!
You start resting.
A yaktaur captain comes into view. It is wielding a +0 broad axe.
The yaktaur captain unwields a +0 broad axe.
The yaktaur captain wields a +0 arbalest.
The yaktaur captain shoots a bolt.
The bolt hits you!!!
You die...

###....#####..# #...#
...#......##..#.
........#.##..#'###
..#...........#c..### #
#...#..#....#.¤...###
#...#..##.#.#¤¤.....#
.....#..##...%)..}...#
##....##.##...#[......#
...... #....!.#.@...###
..#....#..<...#...###
..............#)###
....#......#c.
.........(..#..
...#.##.....#... ...#.
#.....#... #. .
......###.. . .#....#.


You could see 2 yaktaur captains.

Vanquished Creatures
  Kirke (Lair:5)
  Nessos (Lair:4)
  5 hydras
  Erolcha (D:9)
  2 two-headed ogres
  5 death yaks (Lair:4)
  2 sun demons (D:9)
  Amaemon (Lair:3)
  A sixfirhy (D:9)
  2 wolf spiders (Lair:4)
  5 cyclopes
  6 black mambas
  A torpor snail (Lair:3)
  21 cane toads
  A molten gargoyle (Lair:3)
  A gargoyle (D:11)
  3 rime drakes
  2 orange demons
  4 komodo dragons
  An unseen horror (D:12)
  2 trolls (D:12)
  7 polar bears
  5 hornets
  11 blink frogs
  3 slime creatures (D:11)
  21 dream sheep
  4 shadows
  Sigmund (D:3)
  58 yaks
  12 spriggans (Lair:5)
  2 wraiths
  8 wyverns
  7 basilisks
  2 hogs (Lair:5)
  4 vampire mosquitoes
  A neqoxec (D:9)
  A steam dragon (D:9)
  A chaos spawn (D:9)
  9 water moccasins
  2 acid dragons (D:12)
  2 orc warriors
  Duvessa (D:6)
  2 ice beasts
  3 sky beasts
  3 ogres
  3 black bears
  4 boggarts (Lair:5)
  31 wolves
  3 centaurs
  2 phantoms
  A kobold brigand (D:9)
  7 bullfrogs
  A gnoll sergeant (D:6)
  3 scorpions
  9 wights
  Dowan (D:6)
  9 killer bees
  2 vampire bats (D:8)
  2 howler monkeys (D:7)
  4 electric eels
  2 jellies
  3 quasits (D:9)
  9 orc priests
  2 hounds
  3 gnoll boudas
  12 iguanas
  8 orc wizards
  7 hell rats (Lair:2)
  16 gnolls
  16 adders
  A shadow imp (D:8)
  2 white imps
  2 ufetubi
  A worm (D:3)
  A dart slug (D:4)
  37 orcs
  4 bat skeletons (D:8)
  2 bat zombies (D:8)
  8 endoplasms
  2 giant cockroaches (D:1)
  9 goblins
  8 hobgoblins
  2 jackals (D:4)
  4 quokkas
  6 ball pythons
  6 bats
  11 frilled lizards
  10 kobolds
  3 rats
517 creatures vanquished.

Vanquished Creatures (collateral kills)
  A hydra (Lair:4)
  An efreet (D:12)
  A hornet (Lair:5)
  A centaur simulacrum (D:12)
  A spriggan (Lair:5)
  A yak (Lair:5)
  A black bear (Lair:5)
7 creatures vanquished.

Vanquished Creatures (others)
  2 humans (Lair:5)
  63 fungi
  122 plants
187 creatures vanquished.

Grand Total: 711 creatures vanquished

Notes
Turn   | Place    | Note
-------+----------+-------------------------------------------
     0 | D:1      | qw the Minotaur Berserker began the quest for the Orb.
     0 | D:1      | Reached XP level 1. HP: 19/19 MP: 0/0
     0 | D:1      | 0 ||| qw: Version: 0.1-a-119-g272c26d
     0 | D:1      | 0 ||| qw: Game counter: 10991
     0 | D:1      | 0 ||| qw: Always use a shield: true
     0 | D:1      | 0 ||| qw: Do Orc after D:15 true
     0 | D:1      | 0 ||| qw: Do second Lair branch before Depths: true
     0 | D:1      | 0 ||| qw: Lair rune preference: random
     0 | D:1      | 0 ||| qw: Plans: Normal
     0 | D:1      | 0 ||| PLANNING D:1-11
   316 | D:1      | 316 ||| DROPPING +0 club.
   319 | D:1      | 319 ||| Stepping ~*~*~tactically~*~*~ (stealth).
   320 | D:1      | 320 ||| DROPPING +0 mace.
   335 | D:1      | 335 ||| Stepping ~*~*~tactically~*~*~ (stealth).
   342 | D:1      | Reached XP level 2. HP: 25/26 MP: 1/1
   345 | D:1      | 345 ||| Stepping ~*~*~tactically~*~*~ (stealth).
   349 | D:1      | 349 ||| Stepping ~*~*~tactically~*~*~ (stealth).
   434 | D:1      | 434 ||| Stepping ~*~*~tactically~*~*~ (stealth).
   438 | D:1      | 438 ||| Stepping ~*~*~tactically~*~*~ (stealth).
   441 | D:1      | 441 ||| Stepping ~*~*~tactically~*~*~ (stealth).
   442 | D:1      | 442 ||| Stepping ~*~*~tactically~*~*~ (stealth).
   447 | D:1      | 447 ||| Stepping ~*~*~tactically~*~*~ (stealth).
   457 | D:1      | 457 ||| Stepping ~*~*~tactically~*~*~ (stealth).
   458 | D:1      | 458 ||| Stepping ~*~*~tactically~*~*~ (stealth).
   511 | D:1      | 511 ||| Stepping ~*~*~tactically~*~*~ (stealth).
   567 | D:1      | 567 ||| Stepping ~*~*~tactically~*~*~ (stealth).
  1063 | D:1      | Found a faded altar of an unknown god.
  1087 | D:1      | 1087 ||| UPGRADING to +0 chain mail.
  1097 | D:1      | 1097 ||| DROPPING +0 animal skin.
  1098 | D:1      | 1098 ||| UPGRADING to amulet of the acrobat.
  1103 | D:1      | 1103 ||| READING 2 scrolls labelled ZASALAGOJE.
  1104 | D:1      | 1104 ||| READING scroll labelled ZALUYS CET ECA.
  1105 | D:1      | 1105 ||| READING scroll labelled MASEJEA QAZXOEFO.
  1168 | D:2      | Reached XP level 3. HP: 31/31 MP: 2/2
  1172 | D:2      | 1172 ||| INVOKING Berserk.
  1182 | D:2      | Reached skill level 6 in Axes
  1182 | D:2      | Reached XP level 4. HP: 39/39 MP: 3/3
  1425 | D:2      | 1425 ||| INVOKING Berserk.
  1537 | D:2      | 1537 ||| DROPPING +4 whip.
  1635 | D:2      | 1635 ||| Stepping ~*~*~tactically~*~*~ (hiding).
  1638 | D:2      | 1638 ||| INVOKING Berserk.
  1648 | D:2      | Reached XP level 5. HP: 45/45 MP: 4/4
  1649 | D:2      | Reached ** piety under Trog
  2131 | D:2      | 2131 ||| UPGRADING to +0 cloak.
  2136 | D:2      | 2136 ||| READING 2 scrolls labelled SOLONIFIPN.
  2137 | D:2      | 2137 ||| READING scroll of enchant armour.
  2137 | D:2      | 2137 ||| ENCHANTING +0 cloak.
  2138 | D:2      | 2138 ||| READING scroll labelled IRANGA DECIDA.
  2139 | D:2      | 2139 ||| READING 3 scrolls of identify.
  2139 | D:2      | 2139 ||| IDENTIFYING fizzy purple potion
  2140 | D:2      | 2140 ||| READING 2 scrolls of identify.
  2140 | D:2      | 2140 ||| IDENTIFYING sedimented dark potion
  2141 | D:2      | 2141 ||| DROPPING potion of lignification.
  2165 | D:3      | 2165 ||| STAIRDANCE
  2193 | D:3      | 2193 ||| STAIRDANCE
  2197 | D:2      | Reached skill level 4 in Fighting
  2237 | D:3      | Found a burning altar of Makhleb.
  2237 | D:3      | Noticed an Executioner
  2266 | D:3      | 2266 ||| Stepping ~*~*~tactically~*~*~ (stealth).
  2269 | D:3      | 2269 ||| Stepping ~*~*~tactically~*~*~ (stealth).
  2271 | D:3      | 2271 ||| Stepping ~*~*~tactically~*~*~ (stealth).
  2273 | D:3      | 2273 ||| Stepping ~*~*~tactically~*~*~ (stealth).
  2374 | D:3      | Found Ojuasm's Book Boutique.
  2417 | D:3      | Noticed Sigmund
  2418 | D:3      | 2418 ||| Stepping ~*~*~tactically~*~*~ (hiding).
  2423 | D:3      | 2423 ||| INVOKING Berserk.
  2429 | D:3      | Killed Sigmund
  2430 | D:3      | Reached XP level 6. HP: 52/52 MP: 5/5
  2592 | D:3      | 2592 ||| READING scroll of enchant armour.
  2592 | D:3      | 2592 ||| ENCHANTING +1 cloak.
  2745 | D:3      | 2745 ||| Stepping ~*~*~tactically~*~*~ (stealth).
  2746 | D:3      | 2746 ||| Stepping ~*~*~tactically~*~*~ (stealth).
  3001 | D:3      | 3001 ||| DROPPING +0 cloak of stealth.
  3002 | D:3      | 3002 ||| UPGRADING to amulet of reflection.
  3012 | D:3      | 3012 ||| DROPPING amulet of the acrobat.
  3013 | D:3      | 3013 ||| READING 2 scrolls labelled EHUTTA BECH.
  3017 | D:3      | 3017 ||| READING scroll labelled RETISHRO OWNOHI.
  3118 | D:3      | 3118 ||| READING scroll labelled OBBOGUC PYNEX.
  3119 | D:3      | 3119 ||| READING 2 scrolls labelled ROACIS ISIYRRI.
  3120 | D:3      | 3120 ||| READING scroll labelled KOUGO XUEQE.
  3121 | D:3      | 3121 ||| DROPPING scroll of noise.
  3280 | D:4      | 3280 ||| SWAPPING to +0 war axe.
  3282 | D:4      | 3282 ||| DROPPING +0 hand axe.
  3292 | D:4      | Reached skill level 9 in Axes
  3461 | D:4      | 3461 ||| Stepping ~*~*~tactically~*~*~ (hiding).
  3744 | D:4      | Reached skill level 3 in Armour
  3744 | D:4      | Reached XP level 7. HP: 59/59 MP: 6/6
  3811 | D:4      | Reached *** piety under Trog
  4198 | D:4      | 4198 ||| Stepping ~*~*~tactically~*~*~ (stealth).
  4201 | D:4      | 4201 ||| Stepping ~*~*~tactically~*~*~ (stealth).
  4224 | D:4      | 4224 ||| Stepping ~*~*~tactically~*~*~ (stealth).
  4226 | D:4      | 4226 ||| INVOKING Berserk.
  4233 | D:4      | Reached skill level 5 in Fighting
  4254 | D:4      | 4254 ||| Stepping ~*~*~tactically~*~*~ (stealth).
  4255 | D:4      | 4255 ||| Stepping ~*~*~tactically~*~*~ (stealth).
  4479 | D:4      | 4479 ||| UPGRADING to +0 pair of boots.
  4484 | D:4      | 4484 ||| READING scroll of enchant armour.
  4484 | D:4      | 4484 ||| ENCHANTING +0 pair of boots.
  4485 | D:4      | 4485 ||| READING 2 scrolls labelled PALLAC YSTYN.
  4486 | D:4      | 4486 ||| READING scroll of enchant weapon.
  4486 | D:4      | 4486 ||| ENCHANTING +1 war axe.
  4487 | D:4      | 4487 ||| READING scroll labelled XIGIXE BIDIMOC.
  4488 | D:4      | 4488 ||| DRINKING 5 fuming ruby potions.
  4489 | D:4      | 4489 ||| READING 2 scrolls of identify.
  4489 | D:4      | 4489 ||| IDENTIFYING viscous amethyst potion
  4490 | D:4      | 4490 ||| READING scroll of teleportation.
  4509 | D:5      | Entered Level 5 of the Dungeon
  4687 | D:5      | 4687 ||| INVOKING Berserk.
  4732 | D:5      | 4732 ||| INVOKING Berserk.
  4865 | D:5      | Reached XP level 8. HP: 48/68 MP: 7/7
  5032 | D:5      | 5032 ||| INVOKING Berserk.
  5149 | D:5      | 5149 ||| READING scroll of enchant armour.
  5149 | D:5      | 5149 ||| ENCHANTING +1 pair of boots.
  5446 | D:5      | 5446 ||| DROPPING ring of magical power.
  5447 | D:5      | 5447 ||| READING 3 scrolls of identify.
  5447 | D:5      | 5447 ||| IDENTIFYING sapphire potion
  5448 | D:5      | 5448 ||| READING 2 scrolls of identify.
  5448 | D:5      | 5448 ||| IDENTIFYING bubbling pink potion
  5495 | D:6      | Reached skill level 6 in Fighting
  5742 | D:6      | Found Goig's Weapon Shoppe.
  5748 | D:6      | 5748 ||| BUYING +3 vorpal flail (222 gold).
  5748 | D:6      | Bought a +3 vorpal flail for 222 gold pieces
  5748 | D:6      | 5748 ||| DROPPING +0 flail.
  5846 | D:6      | Noticed Duvessa
  5846 | D:6      | Noticed Dowan
  5847 | D:6      | 5847 ||| INVOKING Berserk.
  5852 | D:6      | Killed Dowan
  5855 | D:6      | Killed Duvessa
  6018 | D:6      | 6018 ||| Stepping ~*~*~tactically~*~*~ (stealth).
  6020 | D:6      | 6020 ||| INVOKING Berserk.
  6047 | D:6      | 6047 ||| Stepping ~*~*~tactically~*~*~ (stealth).
  6252 | D:6      | 6252 ||| Stepping ~*~*~tactically~*~*~ (hiding).
  6253 | D:6      | 6253 ||| Stepping ~*~*~tactically~*~*~ (hiding).
  6264 | D:6      | Reached skill level 12 in Axes
  6380 | D:6      | 6380 ||| READING scroll of enchant weapon.
  6380 | D:6      | 6380 ||| ENCHANTING +2 war axe.
  6396 | D:6      | 6396 ||| Stepping ~*~*~tactically~*~*~ (stealth).
  6409 | D:6      | Reached skill level 7 in Fighting
  6409 | D:6      | Reached XP level 9. HP: 64/79 MP: 8/8
  6414 | D:6      | 6414 ||| INVOKING Berserk.
  6669 | D:6      | 6669 ||| DROPPING +3 vorpal flail.
  6680 | D:6      | Noticed a cyclops
  6684 | D:6      | 6684 ||| FLEEEEING.
  6685 | D:6      | 6685 ||| FLEEEEING.
  6687 | D:6      | 6687 ||| FLEEEEING.
  6688 | D:6      | 6688 ||| FLEEEEING.
  6689 | D:6      | 6689 ||| FLEEEEING.
  6690 | D:6      | 6690 ||| FLEEEEING.
  6691 | D:6      | 6691 ||| FLEEEEING.
  6692 | D:6      | 6692 ||| FLEEEEING.
  6693 | D:6      | 6693 ||| FLEEEEING.
  6694 | D:6      | 6694 ||| FLEEEEING.
  6695 | D:6      | 6695 ||| FLEEEEING.
  6696 | D:6      | 6696 ||| FLEEEEING.
  6699 | D:6      | 6699 ||| FLEEEEING.
  6700 | D:6      | 6700 ||| FLEEEEING.
  6701 | D:6      | 6701 ||| FLEEEEING.
  6702 | D:6      | 6702 ||| FLEEEEING.
  6703 | D:6      | 6703 ||| FLEEEEING.
  6704 | D:6      | 6704 ||| FLEEEEING.
  6705 | D:6      | 6705 ||| FLEEEEING.
  6707 | D:6      | 6707 ||| FLEEEEING.
  6708 | D:6      | 6708 ||| FLEEEEING.
  6709 | D:6      | 6709 ||| FLEEEEING.
  6710 | D:6      | 6710 ||| FLEEEEING.
  6711 | D:6      | 6711 ||| FLEEEEING.
  6714 | D:6      | 6714 ||| FLEEEEING.
  6715 | D:6      | 6715 ||| FLEEEEING.
  6717 | D:6      | 6717 ||| FLEEEEING.
  6718 | D:6      | 6718 ||| FLEEEEING.
  6719 | D:6      | 6719 ||| FLEEEEING.
  6721 | D:6      | 6721 ||| FLEEEEING.
  6722 | D:6      | 6722 ||| FLEEEEING.
  6723 | D:6      | 6723 ||| FLEEEEING.
  6724 | D:6      | 6724 ||| FLEEEEING.
  6725 | D:6      | 6725 ||| FLEEEEING.
  6726 | D:6      | 6726 ||| FLEEEEING.
  6733 | D:6      | 6733 ||| FLEEEEING.
  6734 | D:6      | 6734 ||| FLEEEEING.
  6735 | D:6      | 6735 ||| FLEEEEING.
  6736 | D:6      | 6736 ||| FLEEEEING.
  6737 | D:6      | 6737 ||| FLEEEEING.
  6738 | D:6      | 6738 ||| FLEEEEING.
  6739 | D:6      | 6739 ||| FLEEEEING.
  6740 | D:6      | 6740 ||| STAIRDANCE
  6874 | D:5      | 6874 ||| UPGRADING to +0 buckler.
  6879 | D:5      | 6879 ||| DRINKING 2 amethyst potions.
  6880 | D:5      | 6880 ||| DRINKING 2 fizzy blue potions.
  6881 | D:5      | 6881 ||| READING 2 scrolls of identify.
  6881 | D:5      | 6881 ||| IDENTIFYING smoky red potion
  6882 | D:5      | 6882 ||| DROPPING potion of flight.
  6883 | D:5      | 6883 ||| DROPPING potion of attraction.
  6950 | D:6      | Found a transporter.
  6975 | D:6      | 6975 ||| INVOKING Berserk.
  6977 | D:6      | Reached skill level 1 in Shields
  7097 | D:6      | 7097 ||| INVOKING Berserk.
  7099 | D:6      | Killed a cyclops
  7136 | D:6      | 7136 ||| FLEEEEING.
  7137 | D:6      | 7137 ||| FLEEEEING.
  7395 | D:6      | Found a transporter.
  7399 | D:6      | Identified the +9 trident of the Philosopher {vamp, rC+ rN+
                  | rCorr}
  7399 | D:6      | Identified the +9 kite shield "Xobrey" {rC+ rN+ MP+9}
  7465 | D:6      | Noticed qw's ghost (novice GrFi)
  7487 | D:6      | Identified the amulet "Ubotaing" {RegenMP Will- rCorr Str+3
                  | Dex+6}
  7567 | D:6      | 7567 ||| READING 2 scrolls of identify.
  7567 | D:6      | 7567 ||| IDENTIFYING green potion
  7568 | D:6      | 7568 ||| DROPPING potion of berserk rage.
  7583 | D:7      | 7583 ||| STAIRDANCE
  7598 | D:7      | 7598 ||| Stepping ~*~*~tactically~*~*~ (stealth).
  7609 | D:7      | 7609 ||| INVOKING Berserk.
  7613 | D:7      | Reached skill level 8 in Fighting
  7874 | D:7      | 7874 ||| Stepping ~*~*~tactically~*~*~ (stealth).
  7875 | D:7      | 7875 ||| Stepping ~*~*~tactically~*~*~ (stealth).
  7884 | D:7      | 7884 ||| INVOKING Berserk.
  7890 | D:7      | Reached skill level 3 in Throwing
  8404 | D:7      | Found a staircase to the Ecumenical Temple.
  8407 | D:7      | 8407 ||| UPGRADING to ring of see invisible.
  8408 | D:7      | 8408 ||| READING 2 scrolls of identify.
  8408 | D:7      | 8408 ||| IDENTIFYING golden potion
  8538 | D:8      | 8538 ||| INVOKING Berserk.
  8545 | D:8      | Reached XP level 10. HP: 88/88 MP: 9/9
  8671 | D:8      | 8671 ||| Stepping ~*~*~tactically~*~*~ (stealth).
  8756 | D:8      | 8756 ||| Stepping ~*~*~tactically~*~*~ (hiding).
  8757 | D:8      | 8757 ||| Stepping ~*~*~tactically~*~*~ (hiding).
  8823 | D:8      | 8823 ||| Stepping ~*~*~tactically~*~*~ (hiding).
  8831 | D:8      | Reached **** piety under Trog
  9045 | D:8      | Reached skill level 6 in Armour
  9076 | D:8      | Found an ancient bone altar of Kikubaaqudgha.
  9255 | D:8      | 9255 ||| READING 4 scrolls of identify.
  9255 | D:8      | 9255 ||| IDENTIFYING fizzy cyan potion
  9256 | D:8      | 9256 ||| READING 3 scrolls of identify.
  9256 | D:8      | 9256 ||| IDENTIFYING ruby potion
  9257 | D:8      | 9257 ||| DROPPING potion of brilliance.
  9258 | D:8      | 9258 ||| DROPPING potion of degeneration.
  9289 | D:9      | 9289 ||| STAIRDANCE
  9309 | D:9      | 9309 ||| INVOKING Berserk.
  9312 | D:9      | Reached skill level 3 in Dodging
  9325 | D:9      | 9325 ||| STAIRDANCE
  9416 | D:9      | 9416 ||| Stepping ~*~*~tactically~*~*~ (stealth).
  9432 | D:9      | 9432 ||| Stepping ~*~*~tactically~*~*~ (stealth).
  9443 | D:9      | Reached skill level 15 in Axes
  9444 | D:9      | Noticed Erolcha
  9445 | D:9      | 9445 ||| INVOKING Trog's Hand.
  9447 | D:9      | 9447 ||| Stepping ~*~*~tactically~*~*~ (hiding).
  9452 | D:9      | 9452 ||| INVOKING Berserk.
  9456 | D:9      | Killed Erolcha
  9457 | D:9      | Reached skill level 9 in Fighting
  9577 | D:9      | Noticed a sun demon
  9580 | D:9      | 9580 ||| INVOKING Berserk.
  9584 | D:9      | Killed a sun demon
  9896 | D:9      | Noticed a two-headed ogre
  9910 | D:9      | 9910 ||| INVOKING Berserk.
  9913 | D:9      | Killed a two-headed ogre
  9914 | D:9      | Reached XP level 11. HP: 97/97 MP: 10/10
  9998 | D:9      | 9998 ||| FLEEEEING.
 10001 | D:9      | 10001 ||| Stepping ~*~*~tactically~*~*~ (cloud).
 10002 | D:9      | 10002 ||| INVOKING Berserk.
 10175 | D:9      | Found a white marble altar of Elyvilon.
 10200 | D:9      | 10200 ||| Stepping ~*~*~tactically~*~*~ (hiding).
 10202 | D:9      | 10202 ||| Stepping ~*~*~tactically~*~*~ (hiding).
 10205 | D:9      | 10205 ||| Stepping ~*~*~tactically~*~*~ (hiding).
 10207 | D:9      | 10207 ||| Stepping ~*~*~tactically~*~*~ (hiding).
 10208 | D:9      | 10208 ||| Stepping ~*~*~tactically~*~*~ (hiding).
 10211 | D:9      | 10211 ||| INVOKING Berserk.
 10357 | D:9      | Found an ornate altar of the Wu Jian Council.
 10432 | D:9      | 10432 ||| Stepping ~*~*~tactically~*~*~ (hiding).
 10434 | D:9      | 10434 ||| Stepping ~*~*~tactically~*~*~ (hiding).
 10550 | D:9      | Noticed a sixfirhy
 10551 | D:9      | 10551 ||| Stepping ~*~*~tactically~*~*~ (stealth).
 10552 | D:9      | 10552 ||| Stepping ~*~*~tactically~*~*~ (hiding).
 10558 | D:9      | Noticed a sun demon
 10563 | D:9      | 10563 ||| INVOKING Berserk.
 10566 | D:9      | Killed a sixfirhy
 10573 | D:9      | Killed a sun demon
 10574 | D:9      | Reached skill level 6 in Shields
 10787 | D:9      | 10787 ||| UPGRADING to +0 plate armour.
 10797 | D:9      | 10797 ||| DROPPING +0 chain mail.
 10798 | D:9      | 10798 ||| DROPPING orb of wrath.
 10799 | D:9      | 10799 ||| READING scroll of enchant armour.
 10799 | D:9      | 10799 ||| ENCHANTING +0 plate armour.
 10819 | D:8      | Found a hazy altar of Hepliaklqana.
 10838 | D:10     | Entered Level 10 of the Dungeon
 10922 | D:10     | Found a broken altar of Ashenzari.
 11032 | D:10     | Reached skill level 10 in Fighting
 11093 | D:10     | Found a glowing golden altar of the Shining One.
 11199 | D:10     | Reached skill level 9 in Armour
 11268 | D:10     | Found a shimmering blue altar of Sif Muna.
 11270 | D:10     | 11270 ||| Stepping ~*~*~tactically~*~*~ (hiding).
 11595 | D:10     | 11595 ||| UPGRADING to +0 pair of gloves.
 11600 | D:10     | 11600 ||| DROPPING scarf of shadows.
 11693 | D:11     | Identified the +9 rapier of Starshine {vorpal, Int+2}
 11786 | D:11     | 11786 ||| FLEEEEING.
 11787 | D:11     | 11787 ||| FLEEEEING.
 11788 | D:11     | 11788 ||| FLEEEEING.
 11789 | D:11     | 11789 ||| FLEEEEING.
 11790 | D:11     | 11790 ||| FLEEEEING.
 11791 | D:11     | 11791 ||| FLEEEEING.
 11792 | D:11     | 11792 ||| FLEEEEING.
 11793 | D:11     | 11793 ||| FLEEEEING.
 11794 | D:11     | 11794 ||| FLEEEEING.
 11796 | D:11     | 11796 ||| FLEEEEING.
 11797 | D:11     | 11797 ||| FLEEEEING.
 11798 | D:11     | 11798 ||| FLEEEEING.
 11799 | D:11     | 11799 ||| FLEEEEING.
 11800 | D:11     | 11800 ||| FLEEEEING.
 11801 | D:11     | 11801 ||| FLEEEEING.
 11802 | D:11     | 11802 ||| FLEEEEING.
 11803 | D:11     | 11803 ||| FLEEEEING.
 11804 | D:11     | 11804 ||| FLEEEEING.
 11805 | D:11     | 11805 ||| FLEEEEING.
 11806 | D:11     | 11806 ||| FLEEEEING.
 11807 | D:11     | 11807 ||| FLEEEEING.
 11808 | D:11     | 11808 ||| FLEEEEING.
 11809 | D:11     | 11809 ||| FLEEEEING.
 11810 | D:11     | 11810 ||| FLEEEEING.
 11811 | D:11     | 11811 ||| FLEEEEING.
 11812 | D:11     | 11812 ||| FLEEEEING.
 11813 | D:11     | 11813 ||| FLEEEEING.
 11814 | D:11     | 11814 ||| FLEEEEING.
 11815 | D:11     | 11815 ||| FLEEEEING.
 11816 | D:11     | 11816 ||| FLEEEEING.
 11817 | D:11     | 11817 ||| FLEEEEING.
 11818 | D:11     | 11818 ||| FLEEEEING.
 11847 | D:11     | 11847 ||| Stepping ~*~*~tactically~*~*~ (stealth).
 11849 | D:11     | 11849 ||| Stepping ~*~*~tactically~*~*~ (stealth).
 11889 | D:11     | Found a staircase to the Lair.
 11948 | D:11     | 11948 ||| READING scroll of enchant armour.
 11948 | D:11     | 11948 ||| ENCHANTING +0 pair of gloves.
 12206 | D:11     | 12206 ||| FLEEEEING.
 12207 | D:11     | 12207 ||| FLEEEEING.
 12213 | D:11     | 12213 ||| FLEEEEING.
 12214 | D:11     | 12214 ||| FLEEEEING.
 12215 | D:11     | 12215 ||| FLEEEEING.
 12216 | D:11     | 12216 ||| FLEEEEING.
 12217 | D:11     | 12217 ||| FLEEEEING.
 12218 | D:11     | 12218 ||| FLEEEEING.
 12233 | D:11     | 12233 ||| FLEEEEING.
 12234 | D:11     | 12234 ||| FLEEEEING.
 12429 | D:11     | 12429 ||| Stepping ~*~*~tactically~*~*~ (hiding).
 12462 | D:11     | 12462 ||| Stepping ~*~*~tactically~*~*~ (stealth).
 12467 | D:11     | 12467 ||| FLEEEEING.
 12468 | D:11     | 12468 ||| FLEEEEING.
 12491 | D:11     | 12491 ||| INVOKING Berserk.
 12495 | D:11     | Reached skill level 11 in Fighting
 12691 | D:11     | 12691 ||| INVOKING Berserk.
 12883 | D:11     | Noticed a six-headed hydra
 12884 | D:11     | 12884 ||| INVOKING Brothers in Arms.
 12885 | D:11     | 12885 ||| INVOKING Brothers in Arms.
 12887 | D:11     | 12887 ||| SWAPPING to +0 morningstar.
 12888 | D:11     | 12888 ||| INVOKING Berserk.
 12892 | D:11     | Killed a six-headed hydra
 12912 | D:11     | 12912 ||| SWAPPING to +3 war axe.
 13120 | D:11     | Reached XP level 12. HP: 110/110 MP: 11/11
 13177 | D:11     | 13177 ||| PLANNING LAIR
 13177 | D:11     | 13177 ||| DROPPING amulet of magic regeneration.
 13178 | D:11     | 13178 ||| UPGRADING to +4 ring of slaying {mikee}.
 13179 | D:11     | 13179 ||| READING scroll labelled ZOLLEC FIOZ.
 13180 | D:11     | 13180 ||| READING scroll labelled LIETUPH COKAE.
 13204 | Lair:1   | Entered Level 1 of the Lair of Beasts
 13474 | Lair:1   | 13474 ||| INVOKING Berserk.
 13850 | Lair:1   | Identified the +2 robe of Exclusion {rF++ rC- rN+ Dex+2}
 13987 | Lair:1   | 13987 ||| READING scroll labelled EDUCERGH KADI.
 14013 | Lair:2   | 14013 ||| STAIRDANCE
 14015 | Lair:1   | 14015 ||| INVOKING Berserk.
 14148 | Lair:2   | 14148 ||| INVOKING Berserk.
 14162 | Lair:2   | Reached skill level 12 in Fighting
 14166 | Lair:2   | 14166 ||| FLEEEEING.
 14167 | Lair:2   | 14167 ||| FLEEEEING.
 14169 | Lair:2   | 14169 ||| STAIRDANCE
 14213 | Lair:2   | 14213 ||| Stepping ~*~*~tactically~*~*~ (stealth).
 14436 | Lair:2   | 14436 ||| Stepping ~*~*~tactically~*~*~ (stealth).
 14444 | Lair:2   | 14444 ||| Stepping ~*~*~tactically~*~*~ (stealth).
 14501 | Lair:2   | 14501 ||| Stepping ~*~*~tactically~*~*~ (stealth).
 14550 | Lair:2   | 14550 ||| FLEEEEING.
 14551 | Lair:2   | 14551 ||| FLEEEEING.
 14552 | Lair:2   | 14552 ||| FLEEEEING.
 14553 | Lair:2   | 14553 ||| FLEEEEING.
 14557 | Lair:2   | 14557 ||| FLEEEEING.
 14558 | Lair:2   | 14558 ||| FLEEEEING.
 14559 | Lair:2   | 14559 ||| FLEEEEING.
 14560 | Lair:2   | 14560 ||| FLEEEEING.
 14561 | Lair:2   | 14561 ||| FLEEEEING.
 14562 | Lair:2   | 14562 ||| FLEEEEING.
 14579 | Lair:2   | 14579 ||| DRINKING potion of cancellation.
 14658 | Lair:2   | 14658 ||| Stepping ~*~*~tactically~*~*~ (stealth).
 14683 | Lair:2   | Reached ***** piety under Trog
 14706 | Lair:2   | Noticed a four-headed hydra
 14707 | Lair:2   | 14707 ||| INVOKING Brothers in Arms.
 14710 | Lair:2   | 14710 ||| SWAPPING to +0 morningstar.
 14711 | Lair:2   | 14711 ||| INVOKING Berserk.
 14714 | Lair:2   | Killed a four-headed hydra
 14715 | Lair:2   | Reached skill level 12 in Armour
 14738 | Lair:2   | 14738 ||| SWAPPING to +3 war axe.
 14788 | Lair:2   | 14788 ||| INVOKING Berserk.
 14976 | Lair:2   | Found a staircase to the Snake Pit.
 15372 | Lair:2   | Found a staircase to the Shoals.
 15505 | Lair:2   | 15505 ||| READING scroll labelled KULUMUX ECROCU.
 15506 | Lair:2   | 15506 ||| READING 5 scrolls of identify.
 15506 | Lair:2   | 15506 ||| IDENTIFYING glowing coppery potion
 15507 | Lair:2   | 15507 ||| DROPPING potion of invisibility.
 15540 | Lair:3   | Noticed a five-headed hydra
 15541 | Lair:3   | 15541 ||| INVOKING Brothers in Arms.
 15542 | Lair:3   | 15542 ||| SWAPPING to +0 morningstar.
 15544 | Lair:3   | 15544 ||| INVOKING Berserk.
 15546 | Lair:3   | Killed a five-headed hydra
 15549 | Lair:3   | Reached skill level 13 in Fighting
 15556 | Lair:3   | 15556 ||| SWAPPING to +3 war axe of draining.
 15726 | Lair:3   | 15726 ||| INVOKING Berserk.
 15922 | Lair:3   | 15922 ||| INVOKING Berserk.
 16208 | Lair:3   | Noticed Amaemon
 16209 | Lair:3   | 16209 ||| Stepping ~*~*~tactically~*~*~ (hiding).
 16210 | Lair:3   | 16210 ||| Stepping ~*~*~tactically~*~*~ (hiding).
 16211 | Lair:3   | 16211 ||| Stepping ~*~*~tactically~*~*~ (hiding).
 16215 | Lair:3   | 16215 ||| INVOKING Berserk.
 16222 | Lair:3   | Killed Amaemon
 16223 | Lair:3   | Reached skill level 6 in Throwing
 16229 | Lair:3   | Reached XP level 13. HP: 122/122 MP: 12/12
 16301 | Lair:3   | 16301 ||| DROPPING +0 morningstar.
 16572 | Lair:3   | 16572 ||| DROPPING +1 cloak.
 16578 | Lair:3   | Reached skill level 9 in Shields
 16675 | Lair:3   | 16675 ||| DROPPING +1 pair of gloves.
 16676 | Lair:3   | 16676 ||| READING 4 scrolls of identify.
 16676 | Lair:3   | 16676 ||| IDENTIFYING yellow potion
 16677 | Lair:3   | 16677 ||| DROPPING potion of ambrosia.
 16708 | Lair:4   | You fall into a shaft and drop 1 floor!
 16708 | Lair:5   | Entered Level 5 of the Lair of Beasts
 16709 | Lair:5   | 16709 ||| PLANNING GAUNTLET
 16712 | Lair:5   | 16712 ||| Stepping ~*~*~tactically~*~*~ (stealth).
 16713 | Lair:5   | 16713 ||| INVOKING Berserk.
 16761 | Lair:5   | 16761 ||| Stepping ~*~*~tactically~*~*~ (stealth).
 16763 | Lair:5   | 16763 ||| Stepping ~*~*~tactically~*~*~ (hiding).
 16906 | Lair:5   | 16906 ||| Stepping ~*~*~tactically~*~*~ (stealth).
 16924 | Lair:5   | 16924 ||| Stepping ~*~*~tactically~*~*~ (stealth).
 16926 | Lair:5   | 16926 ||| Stepping ~*~*~tactically~*~*~ (stealth).
 16933 | Lair:5   | 16933 ||| Stepping ~*~*~tactically~*~*~ (stealth).
 16970 | Lair:5   | Noticed Kirke
 16971 | Lair:5   | 16971 ||| INVOKING Trog's Hand.
 16977 | Lair:5   | 16977 ||| INVOKING Berserk.
 16989 | Lair:5   | Killed Kirke
 17056 | Lair:5   | 17056 ||| Stepping ~*~*~tactically~*~*~ (stealth).
 17061 | Lair:5   | Identified the +5 plate armour "Sydahoz" {Slay+2}
 17095 | Lair:5   | 17095 ||| UPGRADING to +5 plate armour "Sydahoz" {Slay+2}.
 17106 | Lair:5   | 17106 ||| INVOKING Berserk.
 17119 | Lair:5   | Reached skill level 14 in Fighting
 17168 | Lair:5   | 17168 ||| DROPPING +1 plate armour.
 17176 | Lair:4   | 17176 ||| RIP GAUNTLET
 17177 | Lair:4   | 17177 ||| PLANNING LAIR
 17184 | Lair:4   | 17184 ||| Stepping ~*~*~tactically~*~*~ (stealth).
 17185 | Lair:4   | 17185 ||| Stepping ~*~*~tactically~*~*~ (stealth).
 17253 | Lair:4   | Found a runed translucent door.
 17255 | Lair:4   | Found a viscous altar of Jiyva.
 17257 | Lair:4   | Noticed an acid blob
 17258 | Lair:4   | Found a staircase to the Slime Pits.
 17315 | Lair:4   | 17315 ||| INVOKING Brothers in Arms.
 17316 | Lair:4   | 17316 ||| INVOKING Brothers in Arms.
 17317 | Lair:4   | 17317 ||| INVOKING Brothers in Arms.
 17318 | Lair:4   | 17318 ||| INVOKING Brothers in Arms.
 17319 | Lair:4   | 17319 ||| SWAPPING to +1 demon whip of venom.
 17320 | Lair:4   | 17320 ||| INVOKING Berserk.
 17326 | Lair:4   | 17326 ||| SWAPPING to +3 war axe of draining.
 17461 | Lair:4   | 17461 ||| INVOKING Berserk.
 17480 | Lair:4   | Reached skill level 15 in Fighting
 17649 | Lair:4   | Noticed Nessos
 17654 | Lair:4   | Killed Nessos
 17656 | Lair:4   | 17656 ||| FLEEEEING.
 17657 | Lair:4   | 17657 ||| FLEEEEING.
 17658 | Lair:4   | 17658 ||| FLEEEEING.
 17659 | Lair:4   | 17659 ||| FLEEEEING.
 17660 | Lair:4   | 17660 ||| FLEEEEING.
 17661 | Lair:4   | 17661 ||| FLEEEEING.
 17662 | Lair:4   | 17662 ||| FLEEEEING.
 17663 | Lair:4   | 17663 ||| FLEEEEING.
 17664 | Lair:4   | 17664 ||| FLEEEEING.
 17665 | Lair:4   | 17665 ||| FLEEEEING.
 17666 | Lair:4   | 17666 ||| FLEEEEING.
 17667 | Lair:4   | 17667 ||| FLEEEEING.
 17668 | Lair:4   | 17668 ||| FLEEEEING.
 17670 | Lair:4   | 17670 ||| STAIRDANCE
 17863 | Lair:3   | 17863 ||| READING 4 scrolls of identify.
 17863 | Lair:3   | 17863 ||| IDENTIFYING coppery potion
 17864 | Lair:3   | 17864 ||| DROPPING potion of magic.
 17881 | Lair:4   | 17881 ||| FLEEEEING.
 17882 | Lair:4   | 17882 ||| FLEEEEING.
 17883 | Lair:4   | 17883 ||| FLEEEEING.
 17884 | Lair:4   | 17884 ||| FLEEEEING.
 17885 | Lair:4   | 17885 ||| FLEEEEING.
 17886 | Lair:4   | 17886 ||| FLEEEEING.
 17938 | Lair:4   | 17938 ||| FLEEEEING.
 17946 | Lair:4   | 17946 ||| FLEEEEING.
 17947 | Lair:4   | 17947 ||| FLEEEEING.
 17948 | Lair:4   | 17948 ||| FLEEEEING.
 17949 | Lair:4   | 17949 ||| FLEEEEING.
 17950 | Lair:4   | 17950 ||| FLEEEEING.
 17954 | Lair:4   | 17954 ||| STAIRDANCE
 18125 | Lair:4   | 18125 ||| INVOKING Berserk.
 18275 | Lair:4   | Found an ancient bone altar of Kikubaaqudgha.
 18296 | Lair:4   | 18296 ||| INVOKING Berserk.
 18474 | Lair:4   | Reached skill level 6 in Dodging
 18496 | Lair:4   | 18496 ||| Stepping ~*~*~tactically~*~*~ (stealth).
 18498 | Lair:4   | 18498 ||| INVOKING Berserk.
 18706 | Lair:4   | 18706 ||| Stepping ~*~*~tactically~*~*~ (stealth).
 18803 | Lair:4   | 18803 ||| DROPPING ring of flight.
 18811 | Lair:5   | 18811 ||| Stepping ~*~*~tactically~*~*~ (stealth).
 18812 | Lair:5   | 18812 ||| Stepping ~*~*~tactically~*~*~ (stealth).
 18817 | Lair:5   | 18817 ||| Stepping ~*~*~tactically~*~*~ (stealth).
 18928 | Lair:5   | 18928 ||| Stepping ~*~*~tactically~*~*~ (hiding).
 18991 | Lair:5   | 18991 ||| INVOKING Brothers in Arms.
 18992 | Lair:5   | 18992 ||| INVOKING Brothers in Arms.
 19003 | Lair:5   | 19003 ||| INVOKING Berserk.
 19011 | Lair:5   | Reached XP level 14. HP: 136/136 MP: 13/13
 19039 | Lair:5   | Reached skill level 16 in Fighting
 19059 | Lair:5   | 19059 ||| Stepping ~*~*~tactically~*~*~ (stealth).
 19060 | Lair:5   | 19060 ||| Stepping ~*~*~tactically~*~*~ (stealth).
 19086 | Lair:5   | 19086 ||| Stepping ~*~*~tactically~*~*~ (stealth).
 19087 | Lair:5   | 19087 ||| INVOKING Brothers in Arms.
 19088 | Lair:5   | 19088 ||| INVOKING Brothers in Arms.
 19089 | Lair:5   | 19089 ||| INVOKING Berserk.
 19130 | Lair:5   | 19130 ||| FLEEEEING.
 19131 | Lair:5   | 19131 ||| FLEEEEING.
 19132 | Lair:5   | 19132 ||| FLEEEEING.
 19133 | Lair:5   | 19133 ||| FLEEEEING.
 19172 | Lair:5   | 19172 ||| Stepping ~*~*~tactically~*~*~ (stealth).
 19183 | Lair:5   | 19183 ||| Stepping ~*~*~tactically~*~*~ (stealth).
 19233 | Lair:5   | 19233 ||| Stepping ~*~*~tactically~*~*~ (stealth).
 19272 | Lair:5   | 19272 ||| Stepping ~*~*~tactically~*~*~ (stealth).
 19301 | Lair:5   | 19301 ||| Stepping ~*~*~tactically~*~*~ (hiding).
 19303 | Lair:5   | 19303 ||| INVOKING Brothers in Arms.
 19304 | Lair:5   | 19304 ||| INVOKING Berserk.
 19323 | Lair:5   | Reached skill level 15 in Armour
 19438 | Lair:5   | 19438 ||| READING scroll of enchant armour.
 19438 | Lair:5   | 19438 ||| ENCHANTING +1 pair of gloves.
 19584 | Lair:5   | 19584 ||| Stepping ~*~*~tactically~*~*~ (stealth).
 19589 | Lair:5   | 19589 ||| Stepping ~*~*~tactically~*~*~ (stealth).
 19591 | Lair:5   | 19591 ||| Stepping ~*~*~tactically~*~*~ (stealth).
 20136 | Lair:5   | 20136 ||| PLANNING D
 20312 | D:12     | 20312 ||| Stepping ~*~*~tactically~*~*~ (stealth).
 20314 | D:12     | 20314 ||| INVOKING Brothers in Arms.
 20316 | D:12     | 20316 ||| SWAPPING to +1 demon whip of venom.
 20317 | D:12     | 20317 ||| INVOKING Berserk.
 20319 | D:12     | Reached skill level 17 in Fighting
 20346 | D:12     | 20346 ||| SWAPPING to +3 war axe of draining.
 20404 | D:12     | 20404 ||| Stepping ~*~*~tactically~*~*~ (stealth).
 20409 | D:12     | 20409 ||| FLEEEEING.
 20410 | D:12     | 20410 ||| FLEEEEING.
 20416 | D:12     | 20416 ||| FLEEEEING.
 20417 | D:12     | 20417 ||| FLEEEEING.
 20476 | D:12     | 20476 ||| Stepping ~*~*~tactically~*~*~ (hiding).
 20478 | D:12     | 20478 ||| Stepping ~*~*~tactically~*~*~ (hiding).
 20481 | D:12     | 20481 ||| INVOKING Brothers in Arms.
 20482 | D:12     | 20482 ||| SWAPPING to +1 demon whip of venom.
 20483 | D:12     | 20483 ||| INVOKING Berserk.
 20504 | D:12     | 20504 ||| SWAPPING to +3 war axe of draining.
 20512 | D:12     | 20512 ||| INVOKING Trog's Hand.
 20512 | D:12     | HP: 25/140 [yaktaur captain/bolt (27)]
 20513 | D:12     | Shot with a bolt by a yaktaur captain

Levels and vault maps discovered:
D:1:      psy_arrival_fountain, layout_basic,
          shapermc_ecumenical_altar_flowoftime
D:2:      layout_basic, serial_rivers, chequers_serial_rivers_micro_a,
          chequers_serial_rivers_room_b, chequers_serial_rivers_small_b,
          chequers_serial_rivers_room_a
D:3:      layout_rooms, makhleb_altar_promises_db, serial_shops, shop,
          minmay_lizard_king, uniq_sigmund
D:4:      layout_loops_corners
D:5:      layout_loops_ring
D:6:      minmay_opposing_rooms, layout_loops_ring, serial_shops,
          nicolae_shop_bloodbath_and_beyond, gammafunk_ghost_gnarly_gnolls,
          st_stairs_9, uniq_duvessa
D:7:      layout_rooms, minmay_temple_entry_fiery, enter_bailey_4
D:8:      minmay_spotlight, layout_basic, kennysheep_vampire_church,
          nicolae_overflow_hidden_temple
D:9:      layout_cave_pools, nzn_wu_jian_contemplation, lemuel_round_altar,
          serial_demonic, serial_demonic_f, serial_demonic_e, serial_demonic_e,
          serial_demonic_g, serial_demonic_e, serial_demonic_g,
          serial_demonic_d, uniq_erolcha
D:10:     layout_long_grid, ashenzari_altar_1, nicolae_tso_swordbearing_angel,
          mainiacjoe_overflow_paths
D:11:     layout_irregular_city, minmay_lair_entry_grove
D:12:     layout_rooms, orc_david_3, nicolae_rejected_hall
Lair:1:   layout_long_grid
Lair:2:   layout_regular_city, shoals_dummy_entry, dummy_snake_entry,
          dreamdust_gnoll_shepherd, grunt_megastairs_1
Lair:3:   layout_gridlike, uniq_amaemon
Lair:4:   minmay_lair_venomous_thicket, layout_long_grid, slime_entry_2,
          gauntlet_entry_generic, basic_altar, disabler_island,
          serial_bayou_shore_b, grunt_megastairs_5, uniq_nessos
Lair:5:   minmay_lair_end_enchanted_forest, layout_regular_city,
          minmay_stone_trees_small, uniq_kirke

Skill      XL: |  1  2  3  4  5  6  7  8  9 10 11 12 13 14 |
---------------+-------------------------------------------+-----
Axes           | 4 5 6 7 8 9 10 12 13 16 | 16.0
Fighting       | 4 5 7 8 9 11 13 15 17 | 17.0
Armour         | 3 4 5 6 10 12 14 15 | 15.7
Throwing       | 2 3 4 6 |  6.1
Shields        | 5 7 8 10 | 10.0
Dodging        | 3 4 5 6 |  6.0

Action                   |  1- 3 |  4- 6 |  7- 9 | 10-12 | 13-15 || total
-------------------------+-------+-------+-------+-------+-------++-------
Melee: Hand axe          |    55 |   104 |       |       |       ||   159
       Headbutt          |     7 |    12 |    31 |    74 |    78 ||   202
       Punch             |     1 |     1 |       |       |       ||     2
       War axe           |       |    22 |   185 |   411 |   344 ||   962
       Morningstar       |       |       |       |    14 |       ||    14
       Demon whip        |       |       |       |       |    31 ||    31
Throw: Boomerang         |       |       |    72 |    17 |    70 ||   159
       Javelin           |       |       |     8 |   101 |    11 ||   120
Invok: Berserk           |     1 |     3 |    12 |    19 |    13 ||    48
       Trog's Hand       |       |       |       |     1 |     2 ||     3
       Brothers in Arms  |       |       |       |     3 |     6 ||     9
  Use: Scroll            |     3 |    11 |    13 |     9 |     3 ||    39
       Potion            |       |       |     3 |     1 |       ||     4
 Stab: Distracted        |       |       |       |     1 |       ||     1
Armor: Animal skin       |     5 |       |       |       |       ||     5
       Chain mail        |     4 |    49 |    72 |    81 |       ||   206
       Plate armour      |       |       |       |   105 |   172 ||   277
Dodge: Dodged            |    23 |    38 |    56 |    99 |    69 ||   285
Block: Other             |       |     3 |    11 |       |       ||    14
       Buckler           |       |       |    31 |   185 |   149 ||   365
       Reflection        |       |       |     2 |     9 |    11 ||    22

Table legend:
 A = Non-vault XP
 B = Vault XP
 C = Vault XP percentage of total XP
 D = Non-vault monster count
 E = Vault monster count
 F = Vault count percentage of total count
                 A         B        C        D         E       F
            +---------+---------+-------+---------+---------+-------
      Total |   57389 |   28153 |  32.9 |     370 |     154 |  29.4
            +---------+---------+-------+---------+---------+-------
        D:1 |      35 |       0 |   0.0 |      21 |       0 |   0.0
        D:2 |     193 |       0 |   0.0 |      27 |       0 |   0.0
        D:3 |      72 |     237 |  76.7 |      21 |       7 |  25.0
        D:4 |     472 |       0 |   0.0 |      22 |       0 |   0.0
        D:5 |     665 |       0 |   0.0 |      12 |       0 |   0.0
        D:6 |     963 |    1181 |  55.1 |      20 |      14 |  41.2
        D:7 |    1598 |      12 |   0.7 |      21 |       5 |  19.2
        D:8 |     672 |     626 |  48.2 |      12 |      13 |  52.0
        D:9 |    3267 |    4059 |  55.4 |      29 |      10 |  25.6
       D:10 |    2509 |       0 |   0.0 |      17 |       0 |   0.0
       D:11 |    3727 |    1565 |  29.6 |      21 |      12 |  36.4
       D:12 |    2075 |    4683 |  69.3 |       6 |      11 |  64.7
     Lair:1 |    3686 |     534 |  12.7 |      14 |       2 |  12.5
     Lair:2 |    6209 |     697 |  10.1 |      22 |      10 |  31.2
     Lair:3 |    5333 |    1188 |  18.2 |      20 |       2 |   9.1
     Lair:4 |    9046 |    3648 |  28.7 |      22 |      22 |  50.0
     Lair:5 |   16867 |    9723 |  36.6 |      63 |      46 |  42.2
            +---------+---------+-------+---------+---------+-------
